 Dungeon Crawl Stone Soup version 0.22-a0-419-g492bfec (webtiles) character file.

77 4thArraOfDagon the Chopper (level 3, 3/29 HPs)
             Began as a Demigod Wanderer on May 15, 2018.
             Quit the game on level 2 of the Dungeon.
             The game lasted 00:03:15 (1098 turns).

4thArraOfDagon the Chopper (Demigod Wanderer)       Turns: 1098, Time: 00:03:17

Health: 3/29       AC: 10    Str: 13    XL:     3   Next: 92%
Magic:  8/8        EV:  8    Int: 20    God:
Gold:   31         SH:  0    Dex: 15    Spells: 5/5 levels left

rFire    . . .     SeeInvis .   b - +0 shortbow
rCold    . . .     Gourm    .   (shield currently unavailable)
rNeg     . . .     Faith    .   a - +2 scale mail
rPois    .         Spirit   .   (no helmet)
rElec    .         Reflect  .   (no cloak)
rCorr    .         Harm     .   k - +1 pair of gloves
MR       .....                  (no boots)
Stlth    +.........             (no amulet)
HPRegen  0.09/turn              (no ring)
MPRegen  0.11/turn              (no ring)

@: lethally poisoned (3 -> -3)
A: high mp 1
a: no special abilities


You were on level 2 of the Dungeon.
You were not hungry.

You visited 1 branch of the dungeon, and saw 4 of its levels.

You collected 31 gold pieces.

Inventory:

Hand Weapons
 b - a +0 shortbow (weapon)
 d - a +0 hand axe
 e - a +0 dagger
 n - a +0 war axe
Missiles
 c - 7 arrows (quivered)
Armour
 a - a +2 scale mail (worn)
 k - a +1 pair of gloves (worn)
Scrolls
 g - 3 scrolls of identify {unknown}
 h - a scroll of remove curse {unknown}
 i - a scroll of magic mapping {unknown}
 j - a scroll of enchant armour {unknown}
 l - a scroll of enchant weapon {unknown}
 m - a scroll of blinking {unknown}
 o - 3 scrolls of immolation {unknown}
 p - a scroll of teleportation {unknown}
Comestibles
 f - 3 rations


   Skills:
 + Level 2.1 Fighting
 - Level 2.3 Axes
 * Level 2.1 Bows
 - Level 2.0 Armour
 - Level 1.7 Stealth
 - Level 1.7 Spellcasting
   Level 1.0 Air Magic


You had 5 spell levels left.
You didn't know any spells.
Your spell library was empty.

Dungeon Overview and Level Annotations

Branches:
Dungeon (4/15)
 Temple: D:4-7


Innate Abilities, Weirdness & Mutations

You have an increased reservoir of magic. (+10% MP)


Message History

Firing (i - inventory)
c - 9 arrows (quivered)
Press: ? - help, Shift-Dir - straight line, f/p - worker ant
Aim: a worker ant (moderately wounded)
You shoot an arrow. The arrow hits the worker ant.
The worker ant is heavily wounded.
You feel sick. The worker ant bites you.
* * * LOW HITPOINT WARNING * * *
Firing (i - inventory)
c - 8 arrows (quivered)
Press: ? - help, Shift-Dir - straight line, f/p - worker ant
Aim: a worker ant (heavily wounded)
You shoot an arrow.
The arrow closely misses the worker ant.
* * * LOW HITPOINT WARNING * * *
You feel sick. The worker ant bites you.
* * * LOW HITPOINT WARNING * * *
The worker ant completely misses you.
Unknown command.
You aren't carrying any potions.
Unknown command.
Are you sure you want to abandon this character and quit the game? (Confirm with "yes".)

#g#.....#..
...#......
#.........
#.........
##.<.....#
#.#....<...
#.(...#.##.
#.a..##.##.#
#[@.....:..#
###..#####.####
##..........#
#...........#
###)†.#..#..
#.†>†.....$.
###....#..##
........#
.........#


You could see a worker ant.

Vanquished Creatures
  Jessica (D:3)
  2 worms (D:3)
  3 dart slugs (D:2)
  5 orcs (D:3)
  2 goblins
  7 hobgoblins
  2 jackals (D:3)
  A quokka (D:2)
  A ball python (D:2)
  2 bats (D:2)
  A frilled lizard (D:2)
  5 kobolds
  4 rats
36 creatures vanquished.

Notes
Turn   | Place    | Note
-------+----------+-------------------------------------------
     0 | D:1      | 4thArraOfDagon the Demigod Wanderer began the quest for the Orb.
     0 | D:1      | 4thArraOfDagon set off with: a +2 scale mail, a +0 shortbow, 25 arrows, a +0 hand axe, a +0 dagger, a ration
     0 | D:1      | Reached XP level 1. HP: 16/16 MP: 5/5
   148 | D:2      | Noticed a worker ant
   474 | D:2      | Reached XP level 2. HP: 23/23 MP: 7/7
   827 | D:3      | Reached skill level 1 in Bows
   876 | D:3      | Reached XP level 3. HP: 28/28 MP: 8/8
   967 | D:3      | Noticed Jessica
   985 | D:3      | Killed Jessica
  1098 | D:2      | Quit the game

Vault maps used:
D:1:      dpeg_arrival_simpleton_a, minmay_misc_feat_tiny,
          minmay_misc_feat_four_crosses
D:2:      uniq_robin
D:3:      first_ration, eino_curves_03, uniq_jessica
D:4:      minmay_temple_entry_glassed_door

Skill      XL: |  1  2  3 |
---------------+----------+-----
Axes           | 2 |  2.3
Armour         | 2 |  2.0
Bows           | 1 2 |  2.1
Fighting       | 2 |  2.1
Stealth        | |  1.7
Spellcasting   | |  1.7
Air Magic      | |  1.0

Action                   || total
-------------------------++-------
Melee: Hand axe          ||    31
       War axe           ||    18
 Fire: Shortbow          ||    84
  Eat: Chunk             ||     1
Armor: Scale mail        ||    55
Dodge: Dodged            ||    47

Table legend:
 A = Spawn XP
 B = Non-spawn XP
 C = Spawn XP percentage of total XP
 D = Spawn monster count
 E = Non-spawn monster count
 F = Spawn count percentage of total count
 G = Total turns spent on level
                    A         B        C        D         E        F      G
               +---------+---------+-------+---------+---------+-------+---------
         Total |       0 |     111 |   0.0 |       0 |      36 |   0.0 |  1098
               +---------+---------+-------+---------+---------+-------+---------
           D:1 |       0 |      14 |   0.0 |       0 |       8 |   0.0 |   435
           D:2 |       0 |      25 |   0.0 |       0 |      14 |   0.0 |   195
           D:3 |       0 |      72 |   0.0 |       0 |      14 |   0.0 |   464
               +---------+---------+-------+---------+---------+-------+---------
